 Dungeon Crawl Stone Soup version 0.30.1-4-g462c640d31 (webtiles) character file.

Game seed: 7665712237979627080

360 croobank the Firebug (level 6, 0/44 HPs)
             Began as a Gnoll Fire Elementalist on Aug 30, 2023.
             Slain by an orc warrior
             ... wielding a +0 short sword
              (6 damage)
             ... on level 4 of the Dungeon.
             The game lasted 00:18:36 (5156 turns).

croobank the Firebug (Gnoll Fire Elementalist)      Turns: 5156, Time: 00:18:37

Health: 0/44       AC:  7    Str:  7    XL:     6   Next: 65%
Magic:  6/14       EV: 13    Int: 17    God:
Gold:   238        SH:  0    Dex: 12    Spells: 9/15 levels left

rFire   . . .        s - +2 dagger (flame)
rCold   . . .        (no shield)
rNeg    . . .        e - +0 robe
rPois   .            c - +1 helmet
rElec   .            (no cloak)
rCorr   .            p - +2 pair of gloves
SInv    .            (no boots)
Will    +....        (no amulet)
Stlth   +++          j - ring of willpower
HPRegen 0.27/turn    (no ring)
MPRegen 0.14/turn

%: no passive effects
@: no status effects
A: fangs 1, strong nose, distributed training
a: no special abilities


You were on level 4 of the Dungeon.
You visited 1 branch of the dungeon, and saw 5 of its levels.

You collected 238 gold pieces.

Inventory:

Hand Weapons
 a - a +0 dagger
 b - a +0 sling
 d - a +0 short sword
 k - a +2 antimagic sling
 s - a +2 dagger of flaming (weapon)
Missiles
 n - 21 poisoned darts
Armour
 c - a +1 helmet (worn)
 e - a +0 robe (worn)
 p - a +2 pair of gloves (worn)
Jewellery
 j - a ring of willpower (left hand)
Scrolls
 i - 2 scrolls of torment
 l - 2 scrolls of teleportation
 r - a scroll of amnesia
Potions
 g - 2 potions of magic
 h - 2 potions of curing
 m - a potion of mutation
 o - a potion of attraction {unknown}
 q - a potion of berserk rage {unknown}
 t - a potion of brilliance {unknown}


   Skills:
 + Level 2.1 Fighting
 + Level 2.1 Short Blades
 + Level 2.1 Long Blades
 + Level 2.1 Axes
 + Level 2.1 Maces & Flails
 + Level 2.1 Polearms
 + Level 2.1 Staves
 + Level 2.1 Ranged Weapons
 + Level 2.1 Throwing
 + Level 2.1 Armour
 + Level 5.0 Dodging
 + Level 4.7 Stealth
 + Level 2.1 Shields
 + Level 2.1 Unarmed Combat
 + Level 5.4 Spellcasting
 + Level 2.7 Conjurations
 + Level 1.7 Hexes
 + Level 1.7 Summonings
 + Level 1.7 Necromancy
 + Level 1.7 Translocations
 + Level 1.7 Transmutations
 + Level 5.7 Fire Magic
 + Level 1.7 Ice Magic
 + Level 1.7 Air Magic
 + Level 1.7 Earth Magic
 + Level 1.7 Poison Magic
 + Level 2.3 Invocations
 + Level 2.1 Evocations


You had 9 spell levels left.
You knew the following spells:

 Your Spells              Type           Power      Damage    Failure   Level
a - Foxfire               Conj/Fire      76%        2x1d7     2%          1
b - Scorch                Fire           48%        2d7       1%          2
c - Inner Flame           Hex/Fire       17%        N/A       9%          3

Your spell library contained the following spells:

 Spells                   Type           Power      Damage    Failure   Level
 Magic Dart               Conj           56%        1d5       4%          1
 Volatile Blastmotes      Fire/Tloc      34%        2d12      9%          3
 Call Imp                 Summ           20%        N/A       10%         2
 Mephitic Cloud           Conj/Pois/Air  11%        N/A       17%         3
 Flame Wave               Conj/Fire      19%        2d7       24%         4


Dungeon Overview and Level Annotations

Branches:
Dungeon (5/15)
 Temple: D:4-7

Altars:
Qazlal
Sif Muna
Vehumet
Wu Jian

Shops:
D:3 ([=(


Innate Abilities, Weirdness & Mutations

You have very sharp teeth.
Your uncanny sense of smell can sniff out nearby items.
Your experience applies equally to all skills.


Message History

Something shouts, "Get thee gone, thou surly fen-sucked maggot-pie!"
The jackal barely misses you.
The jackal bites you but does no damage.
The jackal barely misses you. The quokka misses you.
The quokka bites you but does no damage.
The quokka barely misses you. The jackal closely misses you.
The jackal attacks as you move away! The jackal closely misses you.
The quokka attacks as you move away! The quokka barely misses you.
The orc warrior hits you with a +0 short sword.
There is an escape hatch in the ceiling, spattered with blood here.
The quokka closely misses you. The orc warrior closely misses you.
A mysterious force pulls you upwards. The hatch slams shut behind you.
You hit the quokka. You burn the quokka.
You kill the quokka!
The orc warrior hits you with a +0 short sword!
You hit the orc warrior but do no damage.
You bite the orc warrior, but do no damage.
The orc warrior is moderately wounded.
The orc warrior hits you with a +0 short sword!
You hit the orc warrior. You burn the orc warrior.
The orc warrior is heavily wounded.
The orc warrior closely misses you.
You hit the orc warrior but do no damage.
The orc warrior is heavily wounded.
You closely miss the orc warrior.
You bite the orc warrior, but do no damage.
The orc warrior is heavily wounded.
The orc warrior hits you with a +0 short sword.
You closely miss the orc warrior.
The orc warrior is heavily wounded.
The orc warrior hits you with a +0 short sword.
* * * LOW HITPOINT WARNING * * *
You closely miss the orc warrior.
The orc warrior is heavily wounded.
The orc warrior hits you with a +0 short sword!
* * * LOW HITPOINT WARNING * * *
You hit the orc warrior but do no damage.
The orc warrior is heavily wounded.
The orc warrior hits you with a +0 short sword.
You die...

##...## #..###
#.......# #.....#
#..### #########
#.....# #....# #.....#
#.##.# ##...## #.##.#
##.## #(##.# #.# #.##.#
#.######.##.#
#.#...@o.##.#
#.#.#######># #####
#.#.# #.# #...# #.#.#
###.# #.#.# #.#.# #...#
#.#.#
#.#.#####.########.#.#
#.#......[.........#.##
#.#######.##########...
#..(.# #.# ####


You could see an orc warrior.

Vanquished Creatures
  A black bear (D:4)
  A scorpion (D:4)
  A jelly (D:5)
  An orc priest (D:5)
  2 orc wizards (D:4)
  3 worms
  3 dart slugs
  5 orcs
  5 ball pythons
  An endoplasm (D:2)
  2 giant cockroaches (D:2)
  16 goblins
  10 hobgoblins
  5 kobolds
  7 quokkas
  7 bats
  A frilled lizard (D:3)
  6 rats
77 creatures vanquished.

Vanquished Creatures (collateral kills)
  3 foxfires (D:3)
3 creatures vanquished.

Vanquished Creatures (others)
  100 foxfires
100 creatures vanquished.

Grand Total: 180 creatures vanquished

Notes
Turn   | Place    | Note
-------+----------+-------------------------------------------
     0 | D:1      | croobank the Gnoll Fire Elementalist began the quest for
                  | the Orb.
     0 | D:1      | Reached XP level 1. HP: 13/13 MP: 6/6
   684 | D:1      | Reached XP level 2. HP: 19/19 MP: 7/7
   698 | D:1      | Learned a level 2 spell: Scorch
  1211 | D:2      | Reached skill level 5 in Spellcasting
  1211 | D:2      | Reached XP level 3. HP: 25/25 MP: 5/9
  1625 | D:2      | Learned a level 3 spell: Inner Flame
  1633 | D:2      | Reached skill level 1 in Invocations
  2220 | D:3      | Found Kasoqaol's Jewellery Emporium.
  2284 | D:3      | Found Kowk's Armour Shoppe.
  2451 | D:3      | Reached skill level 1 in Fighting
  2451 | D:3      | Reached skill level 1 in Short Blades
  2451 | D:3      | Reached skill level 1 in Long Blades
  2451 | D:3      | Reached skill level 1 in Axes
  2451 | D:3      | Reached skill level 1 in Maces & Flails
  2451 | D:3      | Reached skill level 1 in Polearms
  2451 | D:3      | Reached skill level 1 in Staves
  2451 | D:3      | Reached skill level 1 in Ranged Weapons
  2451 | D:3      | Reached skill level 1 in Throwing
  2451 | D:3      | Reached skill level 1 in Armour
  2451 | D:3      | Reached skill level 1 in Shields
  2451 | D:3      | Reached skill level 1 in Unarmed Combat
  2451 | D:3      | Reached skill level 1 in Evocations
  2535 | D:3      | Found Vett's Weapon Shoppe.
  2639 | D:3      | Found Dajegru's Weapon Emporium.
  3377 | D:4      | Reached XP level 4. HP: 32/32 MP: 8/11
  3641 | D:4      | Reached skill level 1 in Hexes
  3641 | D:4      | Reached skill level 1 in Summonings
  3641 | D:4      | Reached skill level 1 in Necromancy
  3641 | D:4      | Reached skill level 1 in Translocations
  3641 | D:4      | Reached skill level 1 in Transmutations
  3641 | D:4      | Reached skill level 1 in Ice Magic
  3641 | D:4      | Reached skill level 1 in Air Magic
  3641 | D:4      | Reached skill level 1 in Earth Magic
  3641 | D:4      | Reached skill level 1 in Poison Magic
  3788 | D:4      | Noticed a black bear
  3795 | D:4      | Killed a black bear
  3796 | D:4      | Reached XP level 5. HP: 37/37 MP: 7/12
  3954 | D:4      | Reached XP level 6. HP: 33/44 MP: 7/14
  4325 | D:4      | Found a shimmering blue altar of Sif Muna.
  4340 | D:4      | Reached skill level 5 in Dodging
  4593 | D:4      | Found an ornate altar of the Wu Jian Council.
  4643 | D:5      | Entered Level 5 of the Dungeon
  5057 | D:5      | Found a radiant altar of Vehumet.
  5077 | D:5      | Noticed an orc warrior
  5133 | D:5      | Found a stormy altar of Qazlal.
  5156 | D:4      | Slain by an orc warrior

Illustrated notes

Levels and vault maps discovered:
D:1:      minmay_arrival_open_corners, layout_basic, minmay_liquid_box,
          feat_on_display
D:2:      layout_basic, serial_bayou_ford_a
D:3:      layout_basic, serial_shops, shop, shop, shop_fountains,
          nicolae_shop_waterfront, serial_bayou, serial_bayou_lagoon_b,
          serial_bayou_shore_a, serial_bayou_pond_a, serial_bayou_lake_a
D:4:      cheibrodos_greedy_goblins, layout_loops_ring, led_sif_book,
          nicolae_wu_jian_glorious_leap
D:5:      layout_basic, nicolae_ru_awakened_eye, mainiacjoe_overflow_24_doors,
          mainiacjoe_overflow_cross_hatched

Skill      XL: |  1  2  3  4  5  6 |
---------------+-------------------+-----
Conjurations   | 2 |  2.7
Spellcasting   | 5 |  5.4
Invocations    | 1 2 |  2.3
Fighting       | 1 2 |  2.1
Short Blades   | 1 2 |  2.1
Long Blades    | 1 2 |  2.1
Axes           | 1 2 |  2.1
Maces & Flails | 1 2 |  2.1
Polearms       | 1 2 |  2.1
Staves         | 1 2 |  2.1
Ranged Weapons | 1 2 |  2.1
Throwing       | 1 2 |  2.1
Armour         | 1 2 |  2.1
Shields        | 1 2 |  2.1
Unarmed Combat | 1 2 |  2.1
Evocations     | 1 2 |  2.1
Hexes          | 1 |  1.7
Summonings     | 1 |  1.7
Necromancy     | 1 |  1.7
Translocations | 1 |  1.7
Transmutations | 1 |  1.7
Ice Magic      | 1 |  1.7
Air Magic      | 1 |  1.7
Earth Magic    | 1 |  1.7
Poison Magic   | 1 |  1.7
Dodging        | 5 |  5.0
Stealth        | |  4.7
Fire Magic     | |  5.7

Action                     |  1- 3 |  4- 6 || total
---------------------------+-------+-------++-------
  Melee: Dagger            |    92 |    64 ||   156
         Bite              |     4 |     8 ||    12
         Punch             |       |     2 ||     2
   Cast: Foxfire           |    48 |    13 ||    61
         Scorch            |     3 |    35 ||    38
    Use: Scroll            |     9 |     1 ||    10
         Potion            |       |     1 ||     1
   Stab: Sleeping          |    14 |     3 ||    17
 Armour: Robe              |    14 |    17 ||    31
  Dodge: Dodged            |    52 |    72 ||   124
